 Dungeon Crawl Stone Soup version 0.27.1-3-gb3d3a73c9e (webtiles) character file.

Game seed: 11196989784058620452

237 karkarkar the Covered (level 6, -1/32 HPs)
             Began as a Vine Stalker Fighter on Oct 19, 2021.
             Was a Believer of Fedhas.
             Slain by a gnoll (6 damage)
             ... on level 4 of the Dungeon on Oct 20, 2021.
             The game lasted 00:09:29 (3569 turns).

karkarkar the Covered (Vine Stalker Fighter)        Turns: 3569, Time: 00:09:30

Health: -1/32      AC:  8    Str: 20    XL:     6   Next: 6%
Magic:  0/7        EV:  8    Int:  8    God:    Fedhas [**....]
Gold:   161        SH: 10    Dex: 18    Spells: 5/5 levels left

rFire    . . .     SeeInvis .   r - +6 mace of Uhaki {flame, rC+ Dex+4}
rCold    + . .     Faith    .   c - +0 kite shield
rNeg     . . .     Spirit   +   b - +0 scale mail
rPois    .         Reflect  .   j - +0 helmet
rElec    .         Harm     .   (no cloak)
rCorr    .         Rampage  .   (no gloves)
Will     .....                  (no boots)
Stlth    +.........             (no amulet)
HPRegen  1.10/turn              (no ring)
MPRegen  0.10/turn              (no ring)

@: mighty
A: fangs 2, regeneration 1, magic shield, antimagic bite, no potion heal 2
a: Renounce Religion, Wall of Briars


You were on level 4 of the Dungeon.
You worshipped Fedhas.
Fedhas was pleased with you.
You visited 1 branch of the dungeon, and saw 4 of its levels.

You collected 161 gold pieces.

Inventory:

Hand Weapons
 a - a +0 war axe
 r - the +6 mace of Uhaki (weapon) {flame, rC+ Dex+4}
   (You found it on level 4 of the Dungeon)

   It burns those it strikes, dealing additional fire damage.
   Dex:       It affects your dexterity (+4).
   rC:        It protects you from cold.
Missiles
 n - 8 boomerangs (quivered)
Armour
 b - a +0 scale mail (worn)
 c - a +0 kite shield (worn)
 j - a +0 helmet (worn)
Scrolls
 e - 2 scrolls of enchant armour
 f - a scroll of identify
 i - a scroll of teleportation {unknown}
 l - a scroll of immolation {unknown}
 q - a scroll of noise {unknown}
 t - a scroll of fog {unknown}
Potions
 g - a potion of mutation
 h - 2 potions of flight {unknown}
 k - a potion of ambrosia {unknown}
 m - a potion of heal wounds {unknown}
 o - a potion of magic {unknown}
 p - a potion of haste {unknown}
 s - 2 potions of attraction {unknown}


   Skills:
 + Level 3.2 Fighting
 - Level 3.1(3.4) Axes
 * Level 2.0(2.9) Maces & Flails
 - Level 3.2 Armour
 * Level 1.1 Dodging
 + Level 1.3 Stealth
 + Level 3.1 Shields
 + Level 0.1 Invocations


You had 5 spell levels left.
You didn't know any spells.
Your spell library contained the following spells:

 Spells                   Type           Power      Damage    Failure   Level
 Animate Skeleton         Necr           0%         N/A       99%         1
 Pain                     Necr           0%         1d4       99%         1
 Vampiric Draining        Necr           0%         2d6       100%        3


Dungeon Overview and Level Annotations

Branches:
Dungeon (4/15)
 Temple: D:4-7

Altars:
Fedhas
Qazlal
Zin


Innate Abilities, Weirdness & Mutations

You have extremely sharp teeth.
Your natural rate of healing is unusually fast.
When hurt, damage is shared between your health and your magic reserves.
Your bite disrupts and absorbs the magic of your enemies.
Potions cannot restore your health.


Message History

Something is struck by your briar patch's thorns.
Fedhas appreciates your contribution to the ecosystem.
You feel a bit more experienced. The gnoll barely misses you.
You hit the gnoll shaman. You burn the gnoll shaman.
You kill the gnoll shaman!
Fedhas appreciates your contribution to the ecosystem.
The gnoll hits you from afar with a +0 halberd.
The gnoll hits you but does no damage. You block the gnoll's attack.
The gnoll hits you from afar with a +0 spear.
The gnoll completely misses you.
Your Maces & Flails skill increases to level 2!
You have reached level 6!
Your experience leads to an increase in your attributes!
Your base attributes are Str 19, Int 8, Dex 14.
Increase (S)trength, (I)ntelligence, or (D)exterity?
You feel stronger.
You feel very mighty all of a sudden. The gnoll barely misses you.
The giant cockroach bites you but does no damage.
You block the gnoll's attack. The gnoll hits you but does no damage.
The gnoll hits you from afar with a +0 halberd.
* * * LOW HITPOINT WARNING * * *
You closely miss the giant cockroach. You block the gnoll's attack.
The giant cockroach bites you.
* * * LOW HITPOINT WARNING * * *
The gnoll hits you but does no damage. The gnoll closely misses you.
The gnoll barely misses you. You block the giant cockroach's attack.
You thump the giant cockroach! You burn the giant cockroach.
You kill the giant cockroach!
Fedhas appreciates your contribution to the ecosystem.
The gnoll hits you from afar with a +0 halberd.
* * * LOW HITPOINT WARNING * * *
You block the gnoll's attack. The gnoll completely misses you.
The gnoll barely misses you. x2
The gnoll hits you from afar with a +0 spear.
* * * LOW HITPOINT WARNING * * *
Your briar patch disappears in a puff of smoke!
The gnoll hits you with a +0 halberd!
You die...
Fedhas appreciates your contribution to the ecosystem.

.....!....#
.#.#.#.....#
...........#
.......#!#.#
...........#
.#.....#.#.####
......gPPP....### ##
.#.#..)#.#.#....#..<
#.....g@§P........#
.#.#.#g#.#.#.#.########
...................
..#########.####...#
#.# #......##### #
##..........
###...........
###...#.........
##...###.........


You could see 3 gnolls.

Vanquished Creatures
  A water moccasin skeleton (D:4)
  A gnoll shaman (D:4)
  A hound (D:4)
  6 adders
  2 dart slugs
  2 orcs
  5 endoplasms
  4 giant cockroaches
  7 goblins
  4 hobgoblins
  2 jackals (D:1)
  5 kobolds
  2 quokkas
  11 ball pythons
  4 bats
  3 frilled lizards
  5 rats
65 creatures vanquished.

Vanquished Creatures (collateral kills)
  A gnoll (D:4)
1 creature vanquished.

Vanquished Creatures (others)
  2 withered plants (D:1)
2 creatures vanquished.

Grand Total: 68 creatures vanquished

Notes
Turn   | Place    | Note
-------+----------+-------------------------------------------
     0 | D:1      | karkarkar the Vine Stalker Fighter began the quest for the
                  | Orb.
     0 | D:1      | Reached XP level 1. HP: 11/11 MP: 2/2
     2 | D:1      | Noticed a demigod
     2 | D:1      | Noticed a djinni
     4 | D:1      | Noticed an elf
     4 | D:1      | Noticed a gargoyle
     6 | D:1      | Noticed an ogre
     6 | D:1      | Noticed a merfolk
     8 | D:1      | Noticed a naga
    10 | D:1      | Noticed a spriggan
    10 | D:1      | Noticed a palentonga
    12 | D:1      | Noticed a demonspawn
    12 | D:1      | Noticed a draconian
    14 | D:1      | Noticed a minotaur
    16 | D:1      | Noticed a felid
    16 | D:1      | Noticed a formicid
    18 | D:1      | Noticed a tengu
    18 | D:1      | Noticed a vampire
    20 | D:1      | Noticed a ghoul
    20 | D:1      | Noticed a troll
    22 | D:1      | Noticed an octopode
    24 | D:1      | Noticed a vine stalker
    24 | D:1      | Noticed a human
    26 | D:1      | Noticed a dwarf
    26 | D:1      | Noticed a barachi
   444 | D:1      | Reached XP level 2. HP: 12/16 MP: 1/3
   612 | D:1      | Found a faded altar of an unknown god.
   629 | D:1      | Became a worshipper of Fedhas Madash
   629 | D:1      | Reached * piety under Fedhas
  1554 | D:2      | Reached XP level 3. HP: 20/20 MP: 4/4
  2060 | D:2      | Gained mutation: Your natural rate of healing is unusually
                  | fast. [Vine Stalker growth]
  2060 | D:2      | Reached XP level 4. HP: 16/24 MP: 5/5
  2237 | D:2      | Reached ** piety under Fedhas
  2375 | D:2      | You fall into a shaft and drop 1 floor!
  2393 | D:3      | Reached skill level 1 in Stealth
  2976 | D:3      | Found a glowing silver altar of Zin.
  2985 | D:3      | Found a stormy altar of Qazlal.
  3339 | D:4      | Identified the +6 mace of Uhaki {flame, rC+ Dex+4}
  3407 | D:4      | Reached skill level 1 in Maces & Flails
  3407 | D:4      | Reached XP level 5. HP: 28/28 MP: 6/6
  3442 | D:4      | Reached skill level 1 in Dodging
  3566 | D:4      | Reached XP level 6. HP: 11/32 MP: 7/7
  3569 | D:4      | Slain by a gnoll

Illustrated notes

Levels and vault maps discovered:
D:1:      kb_arrival_jail, layout_basic, ebering_ecumenical_altar_petrified
D:2:      layout_basic, corexii_leaking_fountain, uniq_sigmund
D:3:      layout_loops_corners, mainiacjoe_overflow_swirl
D:4:      layout_rooms, hangedman_feature_mirror, hangedman_decor_riveting

Skill      XL: |  1  2  3  4  5 |
---------------+----------------+-----
Axes           | 2 3 |  3.1
Fighting       | 3 |  3.2
Armour         | 3 |  3.2
Stealth        | 1 |  1.3
Shields        | 3 |  3.1
Maces & Flails | 1 2 |  2.0
Dodging        | 1 |  1.1
Invocations    | |  0.1

Action                   |  1- 3 |  4- 6 || total
-------------------------+-------+-------++-------
Melee: War axe           |    92 |    67 ||   159
       Bite              |    21 |    20 ||    41
       Mace              |       |    23 ||    23
Invok: Wall of Briars    |       |     3 ||     3
  Use: Scroll            |     2 |       ||     2
       Potion            |       |     1 ||     1
Armor: Scale mail        |    51 |    44 ||    95
Dodge: Dodged            |    34 |    34 ||    68
Block: Kite shield       |    49 |    49 ||    98
